 Dungeon Crawl Stone Soup version 0.27-a0-705-ga0013940fb (webtiles) character file.

Game seed: 11081518486794534488

41 robertstho the Covered (level 3, -3/24 HPs)
             Began as a Gargoyle Fighter on Mar 22, 2021.
             Slain by a gnoll
             ... wielding a +2 halberd of venom
              (5 damage)
             ... on level 2 of the Dungeon.
             The game lasted 00:01:08 (1165 turns).

robertstho the Covered (Gargoyle Fighter)           Turns: 1165, Time: 00:01:09

Health: -3/24      AC: 12    Str: 19    XL:     3   Next: 52%
Magic:  3/3        EV:  5    Int:  8    God:
Gold:   74         SH:  9    Dex: 10    Spells: 2/2 levels left

rFire    . . .     SeeInvis .   a - +0 flail
rCold    . . .     Faith    .   c - +0 kite shield
rNeg     + . .     Spirit   .   g - +0 chain mail
rPois    ∞         Reflect  .   (no helmet)
rElec    +         Harm     .   (no cloak)
rCorr    .         Rampage  .   (no gloves)
Will     .....                  (no boots)
Stlth    ..........             (no amulet)
HPRegen  0.08/turn              (no ring)
MPRegen  0.08/turn              (no ring)

@: no status effects
A: AC +3, negative energy resistance 1, electricity resistance, torment
resistance 1, unbreathing 1, petrification resistance
a: no special abilities


You were on level 2 of the Dungeon.
You visited 1 branch of the dungeon, and saw 2 of its levels.

You collected 74 gold pieces.

Inventory:

Hand Weapons
 a - a +0 flail (weapon)
Armour
 c - a +0 kite shield (worn)
 g - a +0 chain mail (worn)
Scrolls
 e - a scroll of enchant weapon {unknown}
 f - a scroll of identify {unknown}
Potions
 b - a potion of brilliance {unknown}
 d - a potion of might
 h - a potion of mutation {unknown}


   Skills:
 * Level 3.7 Fighting
 * Level 2.5 Maces & Flails
 * Level 3.8 Armour
 + Level 0.1 Dodging
 + Level 3.5 Shields


You had 2 spell levels left.
You didn't know any spells.
Your spell library was empty.

Dungeon Overview and Level Annotations

Branches:
Dungeon (2/15)

Altars:


Innate Abilities, Weirdness & Mutations

Your stone body is resilient. (AC +3)
You are immune to poison.
You resist negative energy. (rN+)
You are resistant to electric shocks. (rElec)
You are resistant to unholy torment.
You can survive without breathing.
You are immune to petrification.


Message History

A dart slug comes into view.
Found a short copper wand.
A gnoll comes into view. It is wielding a +2 halberd of venom.
A rat comes into view.
The goblin hits you but does no damage.
You barely miss the goblin.
A gnoll comes into view. It is wielding a +0 whip.
You block the goblin's attack. The gnoll hits you but does no damage.
The gnoll shouts!
You hit the goblin.
You kill the goblin!
The gnoll hits you but does no damage.
A kobold comes into view. It is wielding a +0 short sword.
A gnoll comes into view. It is wielding a +0 flail.
The kobold shouts!
The gnoll shouts!
The dart slug completely misses you. The gnoll hits you but does no damage.
Things that are here:
a +0 club; a goblin corpse You hit the gnoll.
The gnoll is moderately wounded.
You block the rat's attack. The gnoll hits you but does no damage.
The dart slug bites you but does no damage.
The gnoll hits you with a +2 halberd of venom.
You barely miss the gnoll.
The gnoll is moderately wounded.
The rat bites you but does no damage. You block the gnoll's attack.
The dart slug barely misses you. The gnoll barely misses you.
The gnoll hits you with a +2 halberd of venom.
The rat bites you but does no damage. The gnoll hits you but does no damage.
You closely miss the gnoll.
The gnoll is moderately wounded.
You block the gnoll's attack. x2; The rat closely misses you.
The gnoll barely misses you. The dart slug launches a dart at you.
The slug dart hits you. The gnoll hits you with a +0 whip.
The gnoll hits you with a +2 halberd of venom!
* * * LOW HITPOINT WARNING * * *
You block the gnoll's attack.
The gnoll hits you from afar with a +2 halberd of venom.
You die...

#......... #.
.......... .
#....../.. #.
#.........
####.##.........
......#.gg......
......##ggw<..###.
.......#r.........
.......@K........#
...!...........#..
..............(...
......#........... ..
......##..........
#.. ......
#..............
#####..#.......###..#
................##
..........†).....#


You could see 4 gnolls, a dart slug, a kobold and a rat.

Vanquished Creatures
  An adder (D:2)
  A dart slug (D:1)
  4 bats (D:1)
  3 giant cockroaches
  6 goblins
  3 hobgoblins
  3 oozes
  3 frilled lizards
  2 kobolds (D:2)
  2 rats (D:1)
28 creatures vanquished.

Notes
Turn   | Place    | Note
-------+----------+-------------------------------------------
     0 | D:1      | robertstho the Gargoyle Fighter began the quest for the
                  | Orb.
     0 | D:1      | Reached XP level 1. HP: 14/14 MP: 1/1
    70 | D:1      | Reached XP level 2. HP: 16/19 MP: 2/2
   980 | D:2      | Reached XP level 3. HP: 17/24 MP: 3/3
  1165 | D:2      | Slain by a gnoll

Illustrated notes

Levels and vault maps discovered:
D:1:      dpeg_arrival_radiant, layout_loops_ring, minmay_close_crescents
D:2:      layout_rooms

Action                   || total
-------------------------++-------
Melee: Flail             ||    92
Armor: Scale mail        ||    52
       Chain mail        ||    21
Dodge: Dodged            ||    41
Block: Kite shield       ||    59

Table legend: (Time is in decaauts)
 A = Elapsed time spent in this place.
 B = Non-inter-level travel time spent in this place.
 C = Inter-level travel time spent in this place.
 D = Time resting spent in this place.
 E = Time spent auto-exploring this place.
 F = Levels seen in this place.
 G = Mean time per level.
                   A        B        C        D        E       F      G
               +--------+--------+--------+--------+--------+-----+--------+
         Total |   1211 |   1186 |     25 |      0 |    967 |   2 |  605.5 |
       Dungeon |   1211 |   1186 |     25 |      0 |    967 |   2 |  605.5 |
               +--------+--------+--------+--------+--------+-----+--------+

Top non-repeatable levels by time:
     D:1: 1000 daAuts
     D:2: 211 daAuts
